 Dungeon Crawl Stone Soup version 0.27.0-66-gdc8fb28755 (webtiles) character file.

Game seed: 14714010972874974704

183 funkygono the Firebug (level 5, -2/28 HPs)
             Began as a Gargoyle Fire Elementalist on Aug 21, 2021.
             Slain by a gnoll (4 damage)
             ... on level 2 of the Dungeon.
             The game lasted 00:05:51 (3005 turns).

funkygono the Firebug (Gargoyle Fire Elementalist)  Turns: 3005, Time: 00:05:52

Health: -2/28      AC:  6    Str: 13    XL:     5   Next: 62%
Magic:  1/9        EV: 12    Int: 17    God:
Gold:   59         SH:  0    Dex: 10    Spells: 2/10 levels left

rFire    . . .     SeeInvis .   i - +2 mace (protect)
rCold    . . .     Faith    .   (no shield)
rNeg     + . .     Spirit   .   a - +0 robe
rPois    ∞         Reflect  .   (no helmet)
rElec    +         Harm     .   (no cloak)
rCorr    .         Rampage  .   (no gloves)
Will     .....                  (no boots)
Stlth    ++........             c - amulet of Rujeuduy {Acrobat Str+2}
HPRegen  0.09/turn              (no ring)
MPRegen  0.11/turn              (no ring)

@: no status effects
A: sickness immunity, AC +4, negative energy resistance 1, electricity
resistance, torment resistance 1, petrification resistance
a: no special abilities


You were on level 2 of the Dungeon.
You visited 1 branch of the dungeon, and saw 3 of its levels.

You collected 59 gold pieces.

Inventory:

Hand Weapons
 i - a +2 mace of protection (weapon)
 j - a +0 whip
Missiles
 e - 80 stones
Armour
 a - a +0 robe (worn)
 d - a +0 ring mail
Jewellery
 c - the amulet of Rujeuduy (around neck) {Acrobat Str+2}
   (You acquired it on level 1 of the Dungeon)

   [amulet of the acrobat]

   It increases your evasion while moving and waiting.
   Str:       It affects your strength (+2).
Scrolls
 h - a scroll of blinking
Potions
 b - a potion of curing
 f - a potion of attraction {unknown}
 g - a potion of ambrosia {unknown}
 k - a potion of magic {unknown}
 l - a potion of brilliance {unknown}


   Skills:
 + Level 0.3 Fighting
 + Level 0.9 Maces & Flails
 + Level 2.0 Dodging
 - Level 2.1 Stealth
 * Level 3.1 Spellcasting
 * Level 3.0 Conjurations
 * Level 4.3 Fire Magic


You had 2 spell levels left.
You knew the following spells:

 Your Spells              Type           Power      Damage    Failure   Level
a - Foxfire               Conj/Fire      60%        2x1d7     3%          1
b - Conjure Flame         Conj/Fire      15%        6-21      12%         3
c - Sticky Flame          Conj/Fire      15%        2d4       36%         4

Your spell library contained the following spells:

 Spells                   Type           Power      Damage    Failure   Level
 Blink                    Tloc           N/A        N/A       26%         2
 Inner Flame              Hex/Fire       9%         N/A       22%         3
 Lesser Beckoning         Tloc           1%         N/A       45%         3
 Fireball                 Conj/Fire      7%         3d5       71%         5
 Fire Storm               Conj/Fire      7%         8d2       100%        9


Dungeon Overview and Level Annotations

Branches:
Dungeon (3/15)

Altars:
Yredelemnul


Innate Abilities, Weirdness & Mutations

You are immune to sickness and miasma.
Your stone body is resilient. (AC +4)
You are immune to poison.
You resist negative energy. (rN+)
You are resistant to electric shocks. (rElec)
You are resistant to unholy torment.
You are immune to petrification.


Message History

Unknown command.
Casting: Foxfire (safe; 3% risk of failure)
Confirm with . or Enter, or press ? or * to list all spells.
You conjure some foxfire!
The foxfire hits the gnoll.
The gnoll is heavily wounded.
The foxfire hits the gnoll.
The gnoll is severely wounded.
The foxfire hits the gnoll but does no damage.
The gnoll is severely wounded.
The gnoll hits you with a +0 flail!
Casting: Foxfire (safe; 3% risk of failure)
Confirm with . or Enter, or press ? or * to list all spells.
You don't have enough magic to cast this spell.
Unknown command.
You hit the gnoll but do no damage.
Your weapon exudes an aura of protection.
The gnoll is severely wounded.
The foxfire hits the gnoll.
The gnoll is severely wounded.
The foxfire hits the gnoll but does no damage.
The gnoll is severely wounded.
The gnoll closely misses you.
You hit the gnoll.
The gnoll is severely wounded.
The gnoll misses you.
A rat comes into view.
The gnoll hits you with a +0 flail. The gnoll barely misses you.
The gnoll completely misses you.
You see here a necrophage corpse.
The gnoll hits you with a +0 flail.
There is a stone staircase leading up here.
The gnoll hits you with a +0 flail. The gnoll misses you.
You climb upwards.
There is a stone staircase leading down here.
You completely miss the gnoll.
The gnoll is severely wounded.
The gnoll hits you with a +0 flail!
* * * LOW HITPOINT WARNING * * *
The gnoll hits you with a +0 flail.
You die...

#
#..##.....#.........####....
# #..##.....#.......###
#.... # #..#####..#.......#
#.... #### #..# #..#.......#
#.... ...# #..#
##.#.......### #....
...###..######...........#
#...^
...'........##...#######.#
#.... ...###......###..# #.#
##### ...#
#.........)@#######.# ...#
#...........g.......# ...#
#######'###########.# ####
#.....# #.# #.....# #.#
#.....# #.# #.....# #.#
#.....# #.# #.....# ###


You could see a gnoll.

Vanquished Creatures
  A necrophage (D:3)
  2 gnolls
  2 adders (D:2)
  3 dart slugs
  6 ball pythons
  3 bats
  2 endoplasms
  A giant cockroach (D:3)
  4 goblins
  9 hobgoblins
  7 jackals
  8 kobolds
  A quokka (D:1)
  2 frilled lizards
  A rat (D:2)
52 creatures vanquished.

Vanquished Creatures (others)
  159 foxfires
159 creatures vanquished.

Grand Total: 211 creatures vanquished

Notes
Turn   | Place    | Note
-------+----------+-------------------------------------------
     0 | D:1      | funkygono the Gargoyle Fire Elementalist began the quest
                  | for the Orb.
     0 | D:1      | Reached XP level 1. HP: 10/10 MP: 3/3
   196 | D:1      | Reached XP level 2. HP: 15/15 MP: 1/5
   887 | D:1      | Got the Almanac of Displacement and Flames
   924 | D:1      | Reached XP level 3. HP: 19/19 MP: 4/6
  1573 | D:1      | Identified a scroll of acquirement
  1573 | D:1      | Acquired the amulet of Rujeuduy {Acrobat Str+2}
  1588 | D:1      | Learned a level 3 spell: Conjure Flame
  1737 | D:2      | Reached XP level 4. HP: 24/24 MP: 4/7
  2169 | D:2      | Found a basalt altar of Yredelemnul.
  2769 | D:2      | Learned a level 4 spell: Sticky Flame
  2872 | D:3      | Noticed a necrophage
  2879 | D:3      | Killed a necrophage
  2880 | D:3      | Reached skill level 4 in Fire Magic
  2880 | D:3      | Reached XP level 5. HP: 28/28 MP: 1/9
  3005 | D:2      | Slain by a gnoll

Illustrated notes

Levels and vault maps discovered:
D:1:      dpeg_arrival_central, layout_basic
D:2:      minmay_inner_zag, layout_basic, basic_altar
D:3:      layout_rooms, grunt_dithmenos_smoke, gammafunk_ghost_arena,
          nrook_campfire

Skill      XL: |  1  2  3  4  5 |
---------------+----------------+-----
Conjurations   | 2 3 |  3.0
Spellcasting   | 3 |  3.1
Fire Magic     | 4 |  4.3
Dodging        | 2 |  2.0
Fighting       | |  0.3
Maces & Flails | |  0.9
Stealth        | |  2.1

Action                   |  1- 3 |  4- 6 || total
-------------------------+-------+-------++-------
Melee: Unarmed           |     2 |       ||     2
       Club              |     4 |       ||     4
       Whip              |    18 |    15 ||    33
       Mace              |       |     6 ||     6
 Cast: Foxfire           |    51 |    46 ||    97
  Use: Scroll            |     3 |     3 ||     6
Armor: Robe              |    18 |     6 ||    24
Dodge: Dodged            |    30 |    20 ||    50
